 Dungeon Crawl Stone Soup version 0.18-a0-1155-g296dcbc (webtiles) character file.

240 Reinor the Basher (level 6, 0/62 HPs)
             Began as an Ogre Gladiator on Jan 23, 2016.
             Was an Initiate of Okawaru.
             Slain by a mummy (18 damage)
             ... in an ossuary.
             The game lasted 00:07:40 (2406 turns).

Reinor the Basher (Ogre Gladiator)                  Turns: 2406, Time: 00:07:40

Health: 0/62       AC:  5    Str: 23    XL:     6   Next: 8%
Magic:  6/6        EV: 10    Int:  7    God:    Okawaru [......]
Gold:   138        SH:  0    Dex: 10    Spells: 0 memorised, 5 levels left

rFire  . . .     SeeInvis .     a - +1 flail
rCold  . . .     Gourm    .     b - +0 robe
rNeg   . . .     Faith    .     (no shield)
rPois  .         Spirit   .     c - +1 hat
rElec  .         Dismiss  .     k - +0 cloak
rCorr  .         Reflect  .     (gloves unavailable)
SustAt .         Harm     .     (boots unavailable)
MR     .....                    m - amulet of regeneration
Stlth  +.........               (no ring)
                                (no ring)

@: not resistant to hostile enchantments, very unstealthy
A: unfitting armour, tough skin 1
a: Renounce Religion


You were in an ossuary.
You worshipped Okawaru.
Okawaru was noncommittal.
You were not hungry.

You visited 1 branch of the dungeon, and saw 4 of its levels.
You also visited: Ossuary.

You collected 138 gold pieces.

Inventory:

Hand Weapons
 a - a +1 flail (weapon)
 g - a +1 mace of venom
 s - a +0 morningstar
Missiles
 d - 3 throwing nets (quivered)
Armour
 b - a +0 robe (worn)
 c - a +1 hat (worn)
 k - a +0 cloak (worn)
Jewellery
 m - an amulet of regeneration (around neck)
 u - an uncursed amulet of the gourmand
Wands
 o - a wand of enslavement (11/24)
 r - a wand of frost (13/48)
Scrolls
 i - a scroll of remove curse
 n - a scroll of teleportation
 p - a scroll of fog
 v - a scroll of blinking
Potions
 e - 3 potions of curing {unknown}
 j - 2 potions of heal wounds
 l - a potion of might {unknown}
 t - 2 potions of mutation {unknown}
Comestibles
 f - 2 bread rations
 h - a beef jerky


   Skills:
 + Level 4.2 Fighting
 - Level 8.0 Maces & Flails
 - Level 2.0 Throwing
 - Level 2.6 Dodging


You had 5 spell levels left.
You didn't know any spells.

Dungeon Overview and Level Annotations

Branches:
Dungeon (4/15)
 Temple: D:4-7

Altars:
Kikubaaqudgha
Okawaru
Pakellas
Sif Muna
Xom
Yredelemnul


Innate Abilities, Weirdness & Mutations

You are too large for most types of armour.
You have tough skin (AC +1).


Message History

Your Fighting skill increases to level 4!
The big kobold zombie hits you.
You hit the mummy but do no damage. The kobold zombie closely misses you.
The mummy hits you!
You hit the mummy.
The mummy is lightly damaged.
The big kobold zombie hits you.
* * * LOW HITPOINT WARNING * * *
The kobold zombie hits you but does no damage.
You sock the mummy!
The mummy is severely damaged.
The mummy closely misses you.
The big kobold zombie barely misses you.
The kobold zombie barely misses you.
You hit the mummy.
The mummy is almost destroyed.
The big kobold zombie hits you.
* * * LOW HITPOINT WARNING * * *
The mummy hits you!!
You die...

#....#
#....#
#....#
#....#
#....#
#....#
#....#
#MZZ.#
#.@∩.#
######


You could see a mummy, a kobold zombie and a big kobold zombie.

Vanquished Creatures
  A centaur zombie (D:4)
  A centaur skeleton (D:3)
  A hound zombie (D:4)
  3 mummies (Ossuary)
  A worker ant zombie (D:4)
  Robin (D:3)
  An ooze (D:1)
  An adder zombie (D:4)
  A worm (D:3)
  2 giant geckos
  7 orcs
  A ball python (D:2)
  3 giant cockroaches (D:2)
  2 gnoll zombies (Ossuary)
  18 goblins
  7 hobgoblins
  4 jackals (D:2)
  A quokka (D:2)
  9 bats
  3 giant newts
  11 kobolds
  3 kobold zombies (Ossuary)
  3 rats
  A withered plant (D:4)
86 creatures vanquished.

Notes
Turn   | Place    | Note
--------------------------------------------------------------
     0 | D:1      | Reinor the Ogre Gladiator began the quest for the Orb.
     0 | D:1      | Reached XP level 1. HP: 22/22 MP: 1/1
   148 | D:1      | Reached XP level 2. HP: 26/29 MP: 2/2
   207 | D:1      | Reached skill level 5 in Maces & Flails
   334 | D:1      | Reached XP level 3. HP: 19/36 MP: 3/3
   766 | D:2      | Found a shimmering altar of Xom.
   985 | D:2      | Reached skill level 6 in Maces & Flails
  1257 | D:2      | Found an oddly glowing altar of Pakellas.
  1557 | D:3      | Noticed Robin
  1570 | D:3      | Reached XP level 4. HP: 40/44 MP: 4/4
  1579 | D:3      | Killed Robin
  1612 | D:3      | Reached skill level 7 in Maces & Flails
  1685 | D:3      | Reached XP level 5. HP: 50/50 MP: 5/5
  1795 | D:3      | Found a deep blue altar of Sif Muna.
  1857 | D:3      | Found an iron altar of Okawaru.
  1897 | D:3      | Became a worshipper of Warmaster Okawaru
  2123 | D:4      | Found an ancient bone altar of Kikubaaqudgha.
  2225 | D:4      | Reached skill level 8 in Maces & Flails
  2273 | D:4      | Found a basalt altar of Yredelemnul.
  2292 | D:4      | Found a sand-covered staircase.
  2309 | Ossuary  | Entered an ossuary
  2394 | Ossuary  | Reached XP level 6. HP: 44/62 MP: 6/6
  2406 | Ossuary  | Slain by a mummy

Vault maps used:
D:1:      lemuel_arrival_behind_the_door_large, roderic_lattice_a
D:2:      grunt_pakellas_basics, lemuel_crystal_altar, first_bread
D:3:      lemuel_round_altar, okawaru_metal_pillars_3, uniq_robin
D:4:      elyvilon_altar_1, kiku_gazebo_garden_becter, old_standard_altar,
          serial_undead, serial_undead_f, serial_undead_c, serial_undead_b,
          serial_undead_d, enter_ossuary_1, minmay_liquid_box
Ossuary:  ossuary_tomb_3

Action                   |  1- 3 |  4- 6 || total
-------------------------+-------+-------++-------
Melee: Flail             |   120 |    29 ||   149
       Mace              |    11 |   134 ||   145
  Use: Scroll            |     4 |     6 ||    10
       Potion            |       |     1 ||     1
 Stab: Sleeping          |     1 |       ||     1
  Eat: Chunk             |     2 |     3 ||     5
